 Dungeon Crawl Stone Soup version 0.17-a0-1176-g3d5a0d0 (webtiles) character file.

9438 AnnoyedKobold the Unseen (level 11, 0/49 HPs)
             Began as a Spriggan Assassin on May 30, 2015.
             Was a Believer of Dithmenos.
             Slain by sascha's ghost (12 damage)
             ... on level 2 of the Orcish Mines.
             The game lasted 00:59:23 (16934 turns).

AnnoyedKobold the Unseen (Spriggan Assassin)       Turns: 16934, Time: 00:59:26

Health: 0/49       AC:  5    Str: 11    XL:     11   Next: 23%
Magic:  18/18      EV: 29    Int: 13    God:    Dithmenos [**....]
Gold:   741        SH:  0    Dex: 21    Spells: 2 memorised, 14 levels left

rFire  . . .     SeeInvis +     l - +1 dagger (venom)
rCold  . . .     Clarity  .     c - +0 robe
rNeg   . . .     SustAt   .     (shield restricted)
rPois  .         Gourm    .     (helmet restricted)
rElec  .         Spirit   .     d - +2 cloak
rCorr  .         Warding  .     (gloves unavailable)
rMut   .         Stasis   .     (boots unavailable)
MR     +....                    (no amulet)
Stlth  +++++++++.               r - +4 ring of strength
                                A - +2 ring of evasion

@: wreathed by umbra, drained, very quick, somewhat resistant to hostile
enchantments, incredibly stealthy
A: unfitting armour, see invisible, herbivore 3, speed 3, slow metabolism 2
a: Shadow Step, Renounce Religion


You were on level 2 of the Orcish Mines.
You worshipped Dithmenos.
Dithmenos was pleased with you.
You were near starving.

You visited 3 branches of the dungeon, and saw 14 of its levels.
You also visited: Sewer and Bailey.

You collected 881 gold pieces.
You spent 140 gold pieces at shops.

Inventory:

Hand weapons
 a - a +2 dagger
 l - a +1 dagger of venom (weapon)
 y - the +2 blowgun "Bunumm" {evade, Dex+6}
   (You found it on level 4 of the Dungeon)

   It affects your evasion (+5 to EV).
   It affects your dexterity (+6).
 V - a +0 short sword of draining
Missiles
 e - 96 poisoned needles
 f - 8 curare-tipped needles
Armour
 c - a +0 robe (worn)
 d - a +2 cloak (worn)
Jewellery
 r - a +4 ring of strength (right hand)
 t - an uncursed ring of protection from fire
 A - a +2 ring of evasion (left hand)
 R - an uncursed ring of magical power
Magical devices
 n - a wand of polymorph (6)
 p - a wand of random effects (14)
 v - a wand of polymorph (7)
 G - a wand of magic darts (16)
 J - a wand of fire (9)
 K - a wand of confusion (22)
 S - a wand of lightning (8)
 U - a wand of slowing (20)
Scrolls
 j - 6 scrolls of remove curse
 m - 3 scrolls of teleportation
 q - 5 scrolls of magic mapping
 s - 2 scrolls of acquirement {unknown}
 u - 2 scrolls of recharging {unknown}
 E - a scroll of fog {unknown}
 H - a scroll of immolation {unknown}
 I - a scroll of torment {unknown}
 L - 2 scrolls of noise {unknown}
Potions
 b - 4 potions of heal wounds
 h - 10 potions of curing
 i - 2 potions of mutation {unknown}
 k - 4 potions of agility
 o - a potion of berserk rage
 w - a potion of degeneration {unknown}
 x - 2 potions of ambrosia
 z - a potion of cancellation {unknown}
 B - a potion of might {unknown}
 C - 4 potions of brilliance
 D - a potion of flight
 N - a potion of poison {unknown}
 P - a potion of lignification {unknown}
 Q - 2 potions of haste
Books
 F - a book of Minor Magic

   Spells                             Type                      Level
   a - Magic Dart                     Conjuration                  1
   b - Blink                          Translocation                2
   c - Call Imp                       Summoning                    2
   d - Repel Missiles                 Charms/Air                   2
   e - Slow                           Hexes                        2
   f - Conjure Flame                  Conjuration/Fire             3
   g - Mephitic Cloud                 Conjuration/Poison/Air       3
 O - an Akashic Record {highlevel}

   This book is beyond your current level of understanding.

   Spells                             Type                      Level
   a - Dispersal                      Translocation                6
   b - Controlled Blink               Translocation                7
   c - Malign Gateway                 Summoning/Translocation      7
   d - Disjunction                    Translocation                8
   e - Singularity                    Translocation                9
 T - a book of Conjurations

   Spells                             Type                      Level
   a - Magic Dart                     Conjuration                  1
   b - Searing Ray                    Conjuration                  2
   c - Dazzling Spray                 Conjuration/Hexes            3
   d - Fulminant Prism                Conjuration/Hexes            4
   e - Iskenderun's Mystic Blast      Conjuration                  4
   f - Iskenderun's Battlesphere      Conjuration/Charms           5
Comestibles
 g - a bread ration
 M - 19 fruits


   Skills:
 - Level 1.5(0.8) Fighting
 - Level 6.0(5.2) Short Blades
 - Level 2.1(1.4) Throwing
 + Level 14.5(13.5) Dodging
 + Level 17.3(16.2) Stealth
 - Level 4.2(3.4) Spellcasting
 - Level 4.0(3.3) Charms
 - Level 3.8(3.0) Translocations


You had 14 spell levels left.
You knew the following spells:

 Your Spells              Type           Power        Failure   Level  Hunger
a - Repel Missiles        Chrm/Air       #.....       17%         2    ##.....
b - Blink                 Tloc           N/A          12%         2    ##.....


Dungeon Overview and Level Annotations

Branches:
Dungeon (11/15)            Temple (1/1) D:6            Lair (0/8) D:11
    Orc (2/4) D:10

Altars:
Ashenzari
Cheibriados
Dithmenos
Elyvilon
Fedhas
Gozag
Kikubaaqudgha
Nemelex Xobeh
Okawaru
Qazlal
Ru
Sif Muna
Vehumet
The Shining One

Shops:
D:5 =

Annotations:
D:3 AnnoyedKobold's ghost, weakling SpAs; Robin
D:4 AnnoyedKobold's ghost, average DrIE
D:6 Bloomberg's ghost, experienced TrFi
D:11 exclusion: 2 oklob plants
Orc:2 sascha's ghost, powerful DsGl


Innate Abilities, Weirdness & Mutations

You are tiny and cannot use many weapons and most armour.
You have supernaturally acute eyesight.
You are a herbivore.
You cover ground extremely quickly.
You need consume almost no food.


Message History

Sascha's ghost completely misses you.
You hit sascha's ghost.
Sascha's ghost is lightly damaged.
The goblin shoots a stone.
The stone completely misses you.
The orc warrior throws an exploding tomahawk.
The exploding tomahawk closely misses you.
The exploding tomahawk explodes!
The explosion of tomahawk fragments engulfs you!
Sascha's ghost hits you!!
Ouch! That really hurt!
You feel drained.
* * * LOW HITPOINT WARNING * * *
The goblin shoots a stone.
The stone closely misses you.
The orc warrior throws an exploding tomahawk.
The exploding tomahawk completely misses you.
The exploding tomahawk explodes!
The explosion of tomahawk fragments engulfs you!
Sascha's ghost screams, "Death is your only future!"
Sascha's ghost hits you!
You die...

#####.. .......
##......##..#..##.#
#.......#..........
##..................
#................#..
#............#..... #
#.#.......).....#g
##.#.........@>......
#.............W....#.
#..#...........#....#
......[$...........#.
.....................
#.#..#..o..........#.
#....#.....o...#.##
#.. .#..........###
## ...#........##


You could see an orc warrior, sascha's ghost, an orc and a goblin.

Vanquished Creatures
  Sonja (D:11)
  An orc knight (Bailey)
  An ugly thing (D:11)
  3 trolls
  Prince Ribbit (D:5)
  A trapdoor spider zombie (D:10)
  A two-headed ogre (D:11)
  A trapdoor spider (D:10)
  Eustachio (D:4)
  2 hippogriffs
  5 yaks
  A hungry ghost (D:8)
  A wyvern (D:10)
  Edmund (D:5)
  3 orc warriors
  3 necrophages (D:10)
  A sky beast (D:11)
  6 ogres
  A wasp (D:10)
  3 black bears
  2 phantoms
  2 centaurs
  A crocodile (D:11)
  3 giant frogs
  2 big kobolds
  2 wyvern zombies
  A gnoll sergeant (D:11)
  9 killer bees
  3 scorpions
  3 wights (D:10)
  A giant frog zombie (D:11)
  2 hounds
  2 centaur zombies
  9 orc priests
  A quasit (D:5)
  5 orc wizards
  3 crimson imps
  A jelly (D:8)
  2 centaur skeletons
  3 giant frog skeletons
  3 iguanas
  11 worker ants
  Terence (D:2)
  Natasha (thrice) (D:2)
  2 hound zombies (D:10)
  2 worker ant zombies
  4 hound skeletons
  9 gnolls
  A shadow imp (D:9)
  7 adders
  An ooze (Sewer)
  3 worms
  An adder skeleton (D:4)
  4 giant geckos
  53 orcs
  A bat skeleton (D:4)
  A bat zombie (D:8)
  8 giant cockroaches
  14 goblins
  17 hobgoblins
  11 jackals
  24 kobolds
  10 quokkas
  5 ball pythons
  11 bats
  5 giant newts
  20 rats
327 creatures vanquished.

Vanquished Creatures (others)
  A troll (D:10)
  An orc (Orc:2)
  A plant (D:11)
3 creatures vanquished.

Grand Total: 330 creatures vanquished

Notes
Turn   | Place    | Note
--------------------------------------------------------------
     0 | D:1      | AnnoyedKobold the Spriggan Assassin began the quest for the Orb.
     0 | D:1      | Reached XP level 1. HP: 10/10 MP: 2/2
   181 | D:1      | Reached XP level 2. HP: 8/14 MP: 3/3
  1334 | D:2      | Reached XP level 3. HP: 18/18 MP: 4/4
  1439 | D:2      | Noticed Natasha
  1444 | D:2      | Killed Natasha
  1444 | D:2      | Reached skill level 5 in Dodging
  1455 | D:2      | Found a sparkling altar of Nemelex Xobeh.
  1463 | D:2      | Noticed Terence
  1469 | D:2      | Killed Terence
  1469 | D:2      | Reached skill level 6 in Stealth
  1469 | D:2      | Reached XP level 4. HP: 22/22 MP: 5/5
  1587 | D:2      | Reached skill level 1 in Short Blades
  1714 | D:2      | Found a white marble altar of Elyvilon.
  1834 | D:2      | Noticed Natasha
  1841 | D:2      | Killed Natasha
  2020 | D:2      | Noticed Natasha
  2032 | D:2      | Killed Natasha
  2204 | D:2      | Found a blossoming altar of Fedhas.
  2204 | D:2      | Found a stormy altar of Qazlal.
  2664 | D:3      | Noticed a hippogriff
  2670 | D:3      | Killed a hippogriff
  2670 | D:3      | Reached skill level 7 in Stealth
  2670 | D:3      | Reached XP level 5. HP: 23/25 MP: 6/6
  2670 | D:3      | Reached XP level 6. HP: 27/30 MP: 7/7
  2864 | D:3      | Noticed Robin
  2877 | D:3      | Noticed AnnoyedKobold's ghost (weakling SpAs)
  2981 | D:4      | Noticed Eustachio
  2989 | D:4      | Killed Eustachio
  2989 | D:4      | Reached skill level 9 in Stealth
  3109 | D:4      | Noticed AnnoyedKobold's ghost (average DrIE)
  3415 | D:4      | Got an encrusted blowgun
  3417 | D:4      | Identified the cursed +2 blowgun "Bunumm" {evade, Dex+6} (You found it on level 4 of the Dungeon)
  3518 | D:4      | Found a glowing drain.
  3527 | Sewer    | Entered a sewer
  3815 | Sewer    | Reached skill level 10 in Stealth
  3815 | Sewer    | Reached XP level 7. HP: 27/33 MP: 8/8
  4429 | D:5      | Entered Level 5 of the Dungeon
  4446 | D:5      | Noticed Edmund
  4557 | D:5      | Found Meracaih's Jewellery Shop.
  4575 | D:5      | Bought a +2 ring of evasion for 140 gold pieces
  4648 | D:5      | Reached skill level 11 in Stealth
  4790 | D:5      | Killed Edmund
  4961 | D:5      | Reached skill level 12 in Stealth
  5163 | D:5      | Noticed Prince Ribbit
  5170 | D:5      | Killed Prince Ribbit
  5170 | D:5      | Reached skill level 13 in Stealth
  5170 | D:5      | Reached XP level 8. HP: 37/37 MP: 9/9
  5629 | D:6      | Noticed Bloomberg's ghost (experienced TrFi)
  5754 | D:6      | Found a staircase to the Ecumenical Temple.
  5824 | Temple   | Entered the Ecumenical Temple
  5900 | Temple   | Became a worshipper of Dithmenos the Shadowed
  6284 | D:6      | Reached skill level 14 in Stealth
  6584 | D:7      | Found a snail-covered altar of Cheibriados.
  6836 | D:7      | Found a flagged portal.
  6970 | Bailey   | Entered a bailey
  7019 | Bailey   | Reached XP level 9. HP: 16/41 MP: 10/10
  7649 | Bailey   | Noticed an orc knight
  7649 | Bailey   | Noticed an orc knight
  7649 | Bailey   | Noticed an orc knight
  7786 | Bailey   | Noticed an orc knight
  7885 | Bailey   | Killed an orc knight
  7885 | Bailey   | Reached skill level 5 in Short Blades
  7885 | Bailey   | Reached skill level 10 in Dodging
  9364 | D:8      | Learned a level 2 spell: Repel Missiles
  9367 | D:8      | Learned a level 2 spell: Blink
  9590 | D:8      | Found a radiant altar of Vehumet.
  9680 | D:8      | Reached skill level 1 in Spellcasting
  9680 | D:8      | Reached skill level 1 in Translocations
  9912 | D:8      | Found an ancient bone altar of Kikubaaqudgha.
 10212 | D:8      | Reached skill level 1 in Charms
 10256 | D:8      | Acquired Dithmenos's first power
 11076 | D:9      | Reached XP level 10. HP: 40/46 MP: 17/17
 11174 | D:9      | Found a glowing golden altar of the Shining One.
 11651 | D:10     | Entered Level 10 of the Dungeon
 12446 | D:10     | Reached skill level 15 in Stealth
 13078 | D:10     | Acquired Dithmenos's second power
 13208 | D:10     | Found a staircase to the Orcish Mines.
 13232 | Orc:1    | Entered Level 1 of the Orcish Mines
 13429 | D:10     | Reached skill level 16 in Stealth
 14115 | D:11     | Noticed Sonja
 14141 | D:11     | Killed Sonja
 14183 | D:11     | Noticed a manticore
 14239 | D:10     | HP: 2/46 [troll (12)]
 14830 | Orc:2    | Noticed sascha's ghost (powerful DsGl)
 15123 | D:11     | Noticed a red ugly thing
 15128 | D:11     | Killed a red ugly thing
 15128 | D:11     | Reached XP level 11. HP: 49/49 MP: 18/18
 15248 | D:11     | Reached skill level 17 in Stealth
 15610 | D:11     | Found a staircase to the Lair.
 15611 | D:11     | Noticed an oklob plant
 16043 | D:11     | Noticed an oklob plant
 16454 | D:11     | Found a blossoming altar of Fedhas.
 16934 | Orc:2    | Slain by sascha's ghost

Vault maps used:
D:1:      dpeg_arrival_oval
D:2:      grunt_temple_overflow_forces_of_nature, lemuel_coloured_pillars_altar,
          first_bread, nemelex_deck, uniq_terence, uniq_natasha
D:3:      uniq_robin
D:4:      portal_sewer_entry_f, uniq_eustachio
D:5:      serial_shops, shop_statue, minmay_misc_feat_x, grunt_ministairs_15,
          uniq_prince_ribbit1, uniq_edmund
D:6:      temple_pool_b, minivault_11, kennysheep_nondescript
D:7:      cheibrodos_worm_habitat, enter_bailey_2
D:8:      nicolae_overflow_crystal_walls, lemuel_round_altar
D:9:      nicolae_tso_carved_into_rock, blue_anna_alchemist, st_stairs_6,
          minmay_stone_trees_small
D:10:     orc_0_dummy, serial_undead, serial_undead_f, serial_undead_d,
          serial_undead_e, serial_undead_a, kennysheep_small_square
D:11:     dpeg_oklobed_lair, fedhas_altar_1, uniq_sonja
Temple:   dpeg_five_rooms_temple_12
Orc:1:    basic_altar
Sewer:    kennysheep_pipe_town
Bailey:   bailey_polearm_1, bailey

Action                   |  1- 3 |  4- 6 |  7- 9 | 10-12 || total
-------------------------+-------+-------+-------+-------++-------
Melee: Dagger            |    80 |   147 |   435 |   757 ||  1419
       Blowgun           |       |       |     1 |       ||     1
 Fire: Blowgun           |       |       |    24 |    42 ||    66
 Cast: Repel Missiles    |       |       |     1 |       ||     1
Evoke: Wand              |       |     1 |       |       ||     1
  Use: Scroll            |       |     5 |    10 |     3 ||    18
       Potion            |       |       |     1 |     4 ||     5
 Stab: Sleeping          |    13 |    18 |    45 |    28 ||   104
       Distracted        |       |       |     8 |     4 ||    12
       Fleeing           |       |       |       |     1 ||     1
  Eat: Pizza             |       |       |     1 |     1 ||     2
       Bread ration      |       |       |     1 |       ||     1
       Fruit             |       |       |       |     5 ||     5
